Map: Orbital Shipyard

Players

FLORENCIO - Winner!

  • Race: Protoss Protoss
  • League: Diamond

freemaN

  • Race: Terran Terran
  • League: Diamond

VOD

Have the link to the VOD?

Description

Time

  • Played on: March 20, 2016, 12:33 p.m.
  • Length: 5:29
Show
View Real Time Build Order
Export as new Build Order

FLORENCIO Protoss - Winner!

Build Orders: Mass Adepts 

Get SALT Encoding   

  12  0:01  Probe (Chrono Boost)  
  13  0:11  Probe (Chrono Boost)  
  14  0:18  Pylon  
  14  0:22  Probe (Chrono Boost)  
  15  0:36  Probe (Chrono Boost)  
  15  0:37  Gateway  
  16  0:47  Probe (Chrono Boost)  
  17  0:52  Assimilator  
  17  0:57  Probe (Chrono Boost)  
  18  1:08  Probe (Chrono Boost)  
  19  1:17  Pylon  
  19  1:18  Probe (Chrono Boost)  
  19  1:24  Cybernetics Core  
  20  1:30  Probe (Chrono Boost)  
  20  1:31  Pylon  
  21  1:40  Probe (Chrono Boost)  
  21  1:42  Gateway  
  22  1:56  Gateway  
  24  2:01  Mothership Core (Chrono Boost)  
  24  2:09  Gateway  
  26  2:17  Stalker  
  26  2:23  Probe (Chrono Boost)  
  27  2:30  Adept  
  29  2:43  Gateway  
  29  2:44  Adept  
  29  2:48  Pylon  
  31  3:01  Assimilator  
  31  3:03  Adept  
  33  3:08  Adept  
  33  3:11  Adept  
  37  3:15  Probe (Chrono Boost)  
  38  3:31  Adept x2  
  42  3:40  Adept x2  
  46  3:57  Pylon  
  46  3:58  Pylon  
  46  4:15  Adept x3  
Show
View Real Time Build Order
Export as new Build Order

freemaN Terran 

Build Orders: Reaper Expand 

Get SALT Encoding   

  12  0:00  SCV  
  13  0:13  SCV  
  14  0:17  Supply Depot  
  14  0:25  SCV  
  15  0:39  SCV  
  15  0:41  Barracks  
  16  0:47  Refinery  
  16  0:52  SCV  
  17  1:05  SCV  
  18  1:17  SCV  
  19  1:29  Orbital Command  
  19  1:31  Reaper  
  20  1:47  Command Center  
  20  1:55  SCV  
  20  1:57  Supply Depot  
  21  2:04  Barracks Reactor  
  21  2:10  SCV  
  22  2:22  Refinery  
  22  2:23  SCV  
  22  2:27  Factory  
  23  2:38  Barracks  
  23  2:40  SCV  
  23  2:41  Marine x2  
  25  2:59  Marine  
  25  3:00  Engineering Bay  
  25  3:01  Orbital Command  
  26  3:12  Bunker  
  26  3:15  Widow Mine  
  26  3:19  Starport  
  28  3:21  SCV  
  28  3:26  Barracks Tech Lab  
  29  3:33  Missile Turret  
  29  3:37  Missile Turret  
  29  3:40  SCV  
  30  3:47  SCV  
  31  3:49  Widow Mine  
  33  3:55  Marine  
  33  3:56  Marine  
  26  4:29  SCV x2, Marine  
  26  4:30  Marine, Widow Mine  
  28  4:31  Medivac  
  28  4:36  Supply Depot  
  27  4:44  Marine  
  27  4:50  SCV  
  27  4:51  SCV  
Tags
 
Add a new tag
Caveats
  • Supply blocks, unpowered buildings, or Contaminate may cause inaccurate times.
  • Supply counts are checked every 10 seconds.